General information
- name: BNet
- type: Ladder 1vs1/FFA
- host: Battle.net
- saver: Dexanth
map: Moonglade
- players: 2
- length: 61:00
- speed: Fast
- version: 1.21 W3XP
- replay type: Public
» download(204 KB)
Players
team 1 (winner)
Dexanth (
orange | 81 APM | 4940 actions | 61:00)
7 Dark Ranger
3 Black Arrow
3 Silence
1 Charm
7 Keeper of the Grove
3 Entangling Roots
3 Thorns Aura
1 Tranquility
6 Demon Hunter
3 Mana Burn
2 Evasion
1 Metamorphosis
» actions
| Assign group hotkey | 100 | |
| Basic commands | 56 | |
| Build / train | 204 | |
| Enter build submenu | 58 | |
| Enter hero's abilities submenu | 21 | |
| Give item / drop item | 1 | |
| Remove unit from queue | 10 | |
| Right click | 2189 | |
| Select / deselect | 842 | |
| Select group hotkey | 1189 | |
| Use ability | 270 | |
4940 total
» units
| Wisp | 45 | |
| Archer | 10 | |
| Druid of the Claw | 4 | |
| Dryad | 8 | |
| Hippogryph | 4 | |
| Glaive Thrower | 1 | |
| Chimaera | 2 | |
| Peasant | 4 | |
| Dragonhawk Rider | 6 | |
84 total
» upgrades
| Druid of the Claw Training | 2 | |
| Nature's Blessing | 1 | |
| Strength of the Wild | 4 | |
| Abolish Magic | 1 | |
| Well Spring | 1 | |
| Ultravision | 1 | |
| Vorpal Blades | 1 | |
| Strength of the Moon | 3 | |
| Reinforced Hides | 3 | |
| Moon Armor | 3 | |
| Mark of the Claw | 1 | |
| Druid of the Talon Training | 2 | |
| Corrosive Breath | 1 | |
| Masonry | 3 | |
| Mark of the Talon | 1 | |
| Swords | 3 | |
| Armor | 3 | |
| Animal War Training | 1 | |
| Backpack | 2 | |
| Hippogryph Taming | 1 | |
| Improved Bows | 1 | |
| Sentinel | 1 | |
| Marksmanship | 1 | |
| Upgrade Moon Glaive | 1 | |
| Hardened Skin | 1 | |
| Resistant Skin | 1 | |
| Cloud | 1 | |
| Storm Hammers | 1 | |
| Gunpowder | 1 | |
| Plating | 1 | |
| Flak Cannons | 1 | |
| Fragmentation Shards | 1 | |
| Flying Machine Bombs | 1 | |
| Flare | 1 | |
| Barrage | 1 | |
53 total
» buildings
| Moon Well | 12 | |
| Altar of Elders | 2 | |
| Ancient of War | 1 | |
| Tree of Ages | 1 | |
| Hunter's Hall | 1 | |
| Ancient of Lore | 2 | |
| Tree of Eternity | 1 | |
| Ancient of Wonders | 3 | |
| Tree of Life | 10 | |
| Ancient of Wind | 1 | |
| Chimaera Roost | 1 | |
| Town Hall | 1 | |
| Lumber Mill | 1 | |
| Blacksmith | 1 | |
| Keep | 1 | |
| Arcane Vault | 1 | |
| Barracks | 1 | |
| Scout Tower | 28 | |
| Altar of Kings | 1 | |
| Workshop | 1 | |
| Castle | 1 | |
| Gryphon Aviary | 1 | |
| Cannon Tower | 3 | |
| Guard Tower | 8 | |
| Arcane Tower | 3 | |
87 total
» build order
00:18 Moon Well
00:20 Altar of Elders
00:33 Ancient of War
00:45 Altar of Elders
01:12 Moon Well
03:09 Tree of Ages
03:51 Hunter's Hall
03:54 Moon Well
04:33 Moon Well
05:54 Ancient of Lore
07:04 Moon Well
07:05 Ancient of Lore
08:24 Tree of Eternity
12:41 Moon Well
13:02 Ancient of Wonders
13:03 Ancient of Wonders
13:58 Moon Well
14:50 Tree of Life
17:26 Moon Well
20:19 Ancient of Wind
21:14 Tree of Life
23:34 Moon Well
24:36 Ancient of Wonders
30:40 Tree of Life
31:20 Tree of Life
33:59 Chimaera Roost
38:53 Tree of Life
39:27 Moon Well
39:28 Moon Well
39:29 Moon Well
39:34 Tree of Life
41:35 Town Hall
42:49 Tree of Life
43:59 Tree of Life
44:11 Tree of Life
45:30 Lumber Mill
45:31 Blacksmith
46:35 Keep
46:53 Arcane Vault
47:07 Barracks
48:04 Scout Tower
48:05 Scout Tower
48:06 Scout Tower
48:07 Scout Tower
48:08 Scout Tower
48:08 Scout Tower
48:09 Scout Tower
48:10 Scout Tower
49:03 Altar of Kings
49:09 Workshop
49:45 Castle
49:54 Gryphon Aviary
50:27 Scout Tower
50:28 Scout Tower
50:28 Scout Tower
50:30 Scout Tower
50:30 Scout Tower
50:35 Cannon Tower
50:37 Guard Tower
50:44 Guard Tower
51:12 Cannon Tower
51:38 Guard Tower
52:47 Cannon Tower
52:48 Guard Tower
53:25 Tree of Life
53:57 Scout Tower
54:14 Scout Tower
54:15 Scout Tower
54:17 Scout Tower
54:17 Scout Tower
54:18 Scout Tower
54:18 Scout Tower
54:19 Scout Tower
54:19 Scout Tower
54:21 Scout Tower
54:22 Scout Tower
54:22 Scout Tower
56:13 Arcane Tower
56:19 Guard Tower
57:23 Cannon Tower
57:26 Guard Tower
57:47 Arcane Tower
58:12 Guard Tower
58:13 Arcane Tower
59:10 Scout Tower
59:12 Scout Tower
59:12 Scout Tower
59:16 Guard Tower
» items
| Orb of Venom | 2 | |
| Staff of Preservation | 3 | |
| Potion of Healing | 2 | |
| Scroll of Town Portal | 8 | |
15 total
team 2 (loser)
whimsicalphil (
red | 84 APM | 5140 actions | 60:58)
5 Archmage
3 Summon Water Elemental
2 Brilliance Aura
2 Mountain King
1 Storm Bolt
1 Thunder Clap
3 Paladin
2 Holy Light
1 Divine Shield
» actions
| Assign group hotkey | 102 | |
| Basic commands | 16 | |
| Build / train | 208 | |
| ESC pressed | 17 | |
| Enter build submenu | 75 | |
| Enter hero's abilities submenu | 10 | |
| Give item / drop item | 11 | |
| Right click | 2392 | |
| Select / deselect | 1088 | |
| Select group hotkey | 932 | |
| Use ability | 289 | |
5140 total
» units
| Peasant | 44 | |
| Footman | 24 | |
| Mortar Team | 5 | |
| Spell Breaker | 2 | |
| Gryphon Rider | 6 | |
| Siege Engine | 11 | |
| Flying Machine | 12 | |
104 total
» upgrades
| Masonry | 3 | |
| Lumber Harvesting | 1 | |
| Fragmentation Shards | 1 | |
| Gunpowder | 3 | |
| Flare | 1 | |
| Storm Hammers | 1 | |
| Plating | 1 | |
| Flak Cannons | 1 | |
| Flying Machine Bombs | 1 | |
13 total
» buildings
| Farm | 11 | |
| Altar of Kings | 2 | |
| Barracks | 1 | |
| Scout Tower | 59 | |
| Arcane Tower | 7 | |
| Lumber Mill | 2 | |
| Guard Tower | 34 | |
| Town Hall | 4 | |
| Keep | 2 | |
| Arcane Vault | 2 | |
| Castle | 3 | |
| Blacksmith | 1 | |
| Workshop | 3 | |
| Arcane Sanctum | 1 | |
| Gryphon Aviary | 1 | |
133 total
» build order
00:06 Farm
00:08 Altar of Kings
00:19 Farm
00:21 Barracks
01:44 Farm
03:18 Scout Tower
03:40 Scout Tower
03:43 Scout Tower
03:48 Arcane Tower
03:54 Lumber Mill
04:15 Arcane Tower
05:05 Farm
06:04 Guard Tower
06:10 Town Hall
08:50 Scout Tower
09:47 Keep
10:05 Arcane Vault
10:44 Scout Tower
11:04 Scout Tower
11:07 Scout Tower
11:15 Arcane Tower
11:38 Guard Tower
12:02 Scout Tower
12:04 Scout Tower
12:32 Guard Tower
12:45 Scout Tower
12:47 Scout Tower
12:48 Scout Tower
12:55 Guard Tower
12:57 Scout Tower
13:23 Castle
13:26 Blacksmith
13:28 Guard Tower
14:11 Guard Tower
15:13 Workshop
15:16 Workshop
16:59 Farm
17:12 Arcane Sanctum
17:16 Gryphon Aviary
17:51 Farm
17:53 Farm
19:47 Farm
19:47 Farm
20:05 Guard Tower
20:08 Guard Tower
20:11 Guard Tower
20:22 Guard Tower
20:38 Farm
20:38 Farm
24:39 Town Hall
28:33 Town Hall
29:02 Scout Tower
29:03 Scout Tower
29:25 Scout Tower
29:33 Guard Tower
29:35 Scout Tower
29:55 Guard Tower
30:07 Guard Tower
30:41 Scout Tower
30:44 Scout Tower
30:54 Scout Tower
30:58 Scout Tower
31:13 Guard Tower
31:14 Guard Tower
31:18 Scout Tower
31:35 Scout Tower
31:36 Scout Tower
31:37 Scout Tower
31:38 Scout Tower
31:39 Scout Tower
31:40 Scout Tower
31:43 Scout Tower
31:43 Scout Tower
32:48 Arcane Tower
32:50 Guard Tower
33:16 Arcane Tower
37:28 Guard Tower
38:45 Guard Tower
38:51 Scout Tower
38:51 Scout Tower
38:52 Guard Tower
39:23 Scout Tower
39:24 Scout Tower
39:24 Scout Tower
39:42 Scout Tower
40:20 Guard Tower
41:29 Guard Tower
42:23 Scout Tower
42:24 Scout Tower
42:25 Scout Tower
42:25 Scout Tower
42:58 Scout Tower
42:59 Scout Tower
43:00 Scout Tower
43:01 Scout Tower
43:01 Scout Tower
43:02 Scout Tower
43:51 Guard Tower
44:04 Keep
44:22 Scout Tower
44:23 Guard Tower
44:24 Guard Tower
44:25 Scout Tower
44:31 Scout Tower
44:33 Scout Tower
46:11 Guard Tower
46:11 Guard Tower
46:22 Arcane Tower
46:37 Altar of Kings
47:01 Arcane Vault
47:08 Guard Tower
47:11 Scout Tower
47:46 Scout Tower
47:46 Scout Tower
48:45 Scout Tower
48:48 Guard Tower
48:49 Guard Tower
48:52 Scout Tower
49:12 Workshop
49:18 Guard Tower
49:19 Guard Tower
49:42 Castle
50:36 Town Hall
53:58 Scout Tower
53:58 Scout Tower
54:24 Scout Tower
54:29 Scout Tower
55:46 Arcane Tower
55:55 Lumber Mill
57:14 Guard Tower
57:15 Guard Tower
57:16 Guard Tower
» items
| Scroll of Regeneration | 3 | |
| Lesser Clarity Potion | 1 | |
| Ivory Tower | 15 | |
| Scroll of Town Portal | 8 | |
| Potion of Healing | 4 | |
| Staff of Sanctuary | 1 | |
32 total
Chat log
(44:23 / All) Dexanth: Ahh, there we go
(46:10 / All) Dexanth: This has been fun though
(48:36 / All) Dexanth: So, like, do you speak English?
(48:41 / All) whimsicalphil: yep
(48:50 / All) Dexanth: Steam Tank surprise is v. obnoxious to deal with
(48:56 / All) whimsicalphil: yep
(60:56 / All) whimsicalphil: gg